 Dungeon Crawl Stone Soup version 0.16.1-30-g34a7ffa (webtiles) character file.

44 Siking the Cudgeler (level 3, -1/36 HPs)
             Began as a Troll Berserker on June 13, 2015.
             Was a Believer of Trog.
             Slain by a worm (4 damage)
             ... on level 2 of the Dungeon.
             The game lasted 00:18:02 (1650 turns).

Siking the Cudgeler (Troll Berserker)               Turns: 1650, Time: 00:18:03

Health: -1/36      AC:  6    Str: 26    XL:     3   Next: 41%
Magic:  2/2        EV: 10    Int:  3    God:    Trog [**....]
Gold:   61         SH:  0    Dex:  9    Spells: 0 memorised, 2 levels left

rFire  . . .     SeeInvis .     a - +0 mace
rCold  . . .     Clarity  .     b - +1 animal skin
rNeg   . . .     SustAb   .     (shield restricted)
rPois  .         Gourm    +     (helmet restricted)
rElec  .         Spirit   .     (no cloak)
rCorr  .         Warding  .     (gloves unavailable)
rMut   .         Stasis   .     (boots unavailable)
MR     .....                    (no amulet)
Stlth  +.........               (no ring)
                                (no ring)

@: not resistant to hostile enchantments, very unstealthy
A: unfitting armour, claws 3, fast metabolism 3, gourmand, regeneration 2,
shaggy fur 1, tough skin 2
a: Burn Spellbooks, Berserk, Trog's Hand, Renounce Religion


You were on level 2 of the Dungeon.
You worshipped Trog.
Trog was pleased with you.
You were hungry.

You visited 1 branch of the dungeon, and saw 2 of its levels.

You collected 61 gold pieces.

Inventory:

Hand weapons
 a - a +0 mace (weapon)
Armour
 b - a +1 animal skin (worn)
 e - a +0 robe
Jewellery
 m - an uncursed amulet of resist corrosion {unknown}
Potions
 g - a potion of flight {unknown}
 h - a potion of curing {unknown}
 j - a potion of haste {unknown}
 k - a potion of restore abilities {unknown}
Comestibles
 c - 2 meat rations
 d - a chunk of flesh
 f - 2 bread rations
 i - a slice of pizza
 l - 2 poisonous chunks of flesh
 n - a beef jerky


   Skills:
 + Level 2.8 Fighting
 + Level 3.2 Maces & Flails
 + Level 1.7 Armour
 + Level 2.1 Dodging


You had 2 spell levels left.
You didn't know any spells.

Dungeon Overview and Level Annotations

Branches:
Dungeon (2/15)

Altars:
Trog


Innate Abilities, Weirdness & Mutations

You are too large for most types of armour.
You have claws for hands.
Your metabolism is lightning-fast.
You like to eat raw meat.
You heal very quickly.
You are covered in fur (AC +1).
You have very tough skin (AC +2).


Message History

The moth of wrath goads the worm on!
The worm goes berserk!
The worm bites you but does no damage.
The moth of wrath goads the rat on!
The rat goes berserk!
You sock the worm!
The worm is moderately wounded.
The worm bites you! x2
The rat misses you.
You are feeling hungry.
The worm bites you!
* * * LOW HITPOINT WARNING * * *
The rat barely misses you.
You sock the worm!
The worm is heavily wounded.
The rat bites you but does no damage. The worm bites you but does no damage.
The worm closely misses you. The rat barely misses you.
You hit the worm but do no damage.
The worm is heavily wounded.
The rat bites you but does no damage. The worm closely misses you.
The worm bites you.
You die...

### ....## ......##
........# ##+## ....#....#
###...##
...###...####......##
.._.#y#...'..#.......##
....###.w@##..........####
#)...#..wr##'.........'...
#))....†..###.........###
##)......#####......(##
###....##.# ##.....##
#######.# ##((.## #.#
##(## #.# #(# #.#
#.########


You could see a moth of wrath, 2 worms and a rat (berserk).

Vanquished Creatures
  4 bats
  2 giant cockroaches
  3 hobgoblins (D:1)
  9 jackals (D:1)
  6 kobolds
  2 giant geckos (D:1)
  2 giant newts (D:1)
  7 goblins
  7 rats
42 creatures vanquished.

Notes
Turn   | Place    | Note
--------------------------------------------------------------
     0 | D:1      | Siking, the Troll Berserker, began the quest for the Orb.
     0 | D:1      | Reached XP level 1. HP: 22/22 MP: 1/1
   341 | D:1      | Reached XP level 2. HP: 25/29 MP: 1/1
   498 | D:1      | Reached skill level 3 in Maces & Flails
   774 | D:1      | Acquired Trog's second power
   940 | D:1      | Reached XP level 3. HP: 36/36 MP: 2/2
  1633 | D:2      | Noticed a moth of wrath
  1634 | D:2      | Found a bloodstained altar of Trog.
  1650 | D:2      | Slain by a worm

Action                   || total
-------------------------++-------
Melee: Mace              ||   112
  Use: Scroll            ||     1
  Eat: Chunk             ||    12
